Map: Acropolis LE

Players

Future

  • Race: Terran Terran
  • Spawn Location: 5:00

thermostaat (uThermal) - Winner!

  • Race: Terran Terran
  • Spawn Location: 11:00

Event: NationWars 2019

VOD

Have the link to the VOD?

Description

Time

  • Played on: Nov. 16, 2019, 2:35 p.m.
  • Length: 8:28
Show
View Real Time Build Order
Export as new Build Order

Future Terran 

Build Orders: Gas First Reaper Expand, Mech 

Get SALT Encoding   

  12  0:01  SCV  
  13  0:13  SCV  
  14  0:17  Supply Depot  
  14  0:25  SCV  
  14  0:27  Refinery  
  15  0:39  SCV  
  16  0:44  Barracks  
  16  0:51  SCV  
  17  1:03  SCV  
  18  1:15  SCV  
  19  1:31  Reaper  
  19  1:32  Orbital Command  
  20  1:51  Command Center  
  20  1:57  Factory  
  20  2:02  Orbital Command  
  20  2:03  SCV  
  20  2:06  Reaper  
  22  2:12  Refinery  
  22  2:15  Supply Depot  
  22  2:31  SCV  
  23  2:41  Barracks Tech Lab  
  23  2:48  SCV  
  24  3:00  SCV  
  24  3:04  Orbital Command  
  24  3:05  Cyclone  
  28  3:11  Refinery  
  28  3:13  SCV  
  28  3:18  Starport  
  29  3:25  SCV  
  30  3:29  SCV  
  31  3:37  SCV, Cyclone  
  34  3:41  SCV  
  34  3:49  SCV  
  34  3:51  Barracks Tech Lab  
  34  3:53  SCV  
  34  3:54  Supply Depot  
  36  3:58  Starport Tech Lab  
  36  3:59  Barracks Reactor  
  36  4:01  SCV  
  37  4:06  SCV, Refinery  
  37  4:09  Siege Tank  
  41  4:13  SCV  
  42  4:18  SCV  
  43  4:25  SCV  
  43  4:27  Raven  
  43  4:30  SCV  
  47  4:35  Command Center  
  47  4:37  SCV  
  45  4:39  Marine x2  
  45  4:42  SCV  
  44  4:49  SCV  
  43  4:58  SCV  
  46  5:03  SCV  
  45  5:10  Raven, Siege Tank  
  45  5:13  SCV  
  51  5:15  SCV  
  51  5:18  Supply Depot  
  53  5:23  Supply Depot  
  53  5:26  SCV  
  53  5:27  SCV  
  54  5:39  SCV x2, Marine  
  57  5:44  Siege Tank  
  57  5:47  Marine  
  57  5:49  Orbital Command  
  61  5:51  SCV x2  
  61  5:53  Raven  
  65  6:03  Armory x2  
  65  6:04  SCV x2  
  67  6:06  Marine x2  
  69  6:16  Orbital Command  
  69  6:17  SCV  
  70  6:19  SCV  
  70  6:21  Siege Tank  
  74  6:26  Marine x2  
  74  6:27  Refinery  
  74  6:29  Refinery  
  74  6:30  SCV  
  74  6:31  SCV  
  78  6:42  SCV  
  78  6:43  SCV  
  78  6:45  Factory  
  78  6:46  Factory  
  80  6:52  SCV  
  80  6:54  SCV  
  82  6:57  SCV  
  82  6:58  Barracks Reactor  
  83  7:04  SCV  
  83  7:06  SCV  
  85  7:14  Supply Depot  
  85  7:26  SCV x3, Supply Depot x2, Viking x2  
  92  7:35  Siege Tank  
  95  7:38  SCV x2  
  95  7:39  SCV  
  95  7:42  Hellion x2  
  99  7:50  SCV x2  
  99  7:51  SCV  
  102  7:52  Siege Tank  
  102  7:56  Viking x2  
  108  8:02  SCV  
  106  8:06  Hellion x2  
  106  8:08  SCV x2  
Show
View Real Time Build Order
Export as new Build Order

thermostaat Terran - Winner!

Build Orders: Gas First Reaper Expand 

Get SALT Encoding   

  12  0:01  SCV  
  13  0:13  SCV  
  14  0:18  Supply Depot  
  14  0:25  SCV  
  14  0:27  Refinery  
  15  0:39  SCV  
  16  0:43  Barracks  
  16  0:51  SCV  
  17  1:03  SCV  
  18  1:15  SCV  
  19  1:30  Orbital Command, Reaper  
  20  1:47  Command Center  
  19  1:56  SCV  
  20  2:01  Factory  
  20  2:05  Barracks Reactor  
  20  2:09  SCV  
  20  2:12  Supply Depot  
  21  2:21  SCV  
  22  2:23  Refinery  
  22  2:33  SCV  
  23  2:45  SCV  
  23  2:49  Starport  
  24  2:54  Hellion x2  
  24  2:58  SCV  
  29  3:05  Orbital Command  
  29  3:10  SCV  
  30  3:15  Hellion x2  
  30  3:18  Barracks Tech Lab  
  34  3:22  SCV  
  34  3:25  Medivac  
  37  3:32  SCV  
  38  3:34  SCV  
  39  3:44  SCV  
  39  3:46  SCV  
  39  3:47  Bunker  
  41  3:51  Supply Depot, Marine x2  
  41  3:52  Cyclone  
  46  3:56  Starport Tech Lab  
  46  3:59  Refinery  
  46  4:13  SCV x2, Marine x2  
  46  4:15  Supply Depot  
  46  4:16  Raven  
  52  4:25  SCV x2  
  52  4:26  Supply Depot  
  54  4:36  Siege Tank, Marine x2  
  54  4:37  SCV x2  
  61  4:42  Supply Depot  
  61  4:49  SCV  
  56  4:54  Marine x2  
  56  4:59  Raven  
  58  5:02  SCV  
  58  5:03  Command Center  
  58  5:05  SCV  
  60  5:09  Refinery  
  60  5:12  Siege Tank  
  64  5:14  SCV  
  64  5:17  SCV, Marine  
  64  5:18  Marine  
  67  5:26  SCV  
  68  5:30  SCV  
  69  5:38  SCV  
  69  5:39  Supply Depot  
  69  5:42  SCV  
  71  5:44  Siege Tank  
  71  5:48  Viking x2  
  77  5:50  SCV  
  78  5:58  Engineering Bay  
  78  6:01  SCV, Marine  
  78  6:02  SCV  
  81  6:12  Supply Depot  
  81  6:13  SCV  
  81  6:14  SCV  
  81  6:16  Orbital Command, Siege Tank  
  86  6:18  Viking x2  
  86  6:19  Stimpack  
  86  6:25  SCV  
  91  6:26  SCV  
  91  6:29  Supply Depot  
  92  6:37  SCV  
  92  6:39  SCV  
  93  6:48  Viking x2  
  93  6:49  SCV  
  93  6:51  SCV  
  98  6:54  Siege Tank  
  101  7:01  SCV, Refinery  
  101  7:03  SCV, Orbital Command, Refinery  
  101  7:04  Armory x2  
  103  7:10  Supply Depot  
  103  7:13  SCV  
  103  7:15  SCV  
  104  7:20  Viking  
  104  7:21  Viking  
  108  7:26  SCV  
  108  7:27  SCV  
  108  7:29  SCV  
  111  7:33  Siege Tank  
  114  7:38  SCV  
  114  7:39  SCV  
  114  7:41  SCV  
  117  7:50  SCV  
  117  7:51  SCV, Viking x2  
  120  7:53  SCV  
  124  7:59  Supply Depot x2  
  124  8:02  SCV  
  125  8:10  Command Center  
Tags
 
Add a new tag
Caveats
  • Supply blocks, unpowered buildings, or Contaminate may cause inaccurate times.
  • Supply counts are checked every 10 seconds.